 Dungeon Crawl Stone Soup version 0.23-a0-389-g4a5eb33 (webtiles) character file.

2307 Dawnplanks the Basher (level 9, -2/54 HPs)
             Began as a Gargoyle Fighter on Oct 29, 2018.
             Was a Believer of the Shining One.
             Splashed by an oklob plant's acid (10 damage)
             ... on level 7 of the Dungeon.
             The game lasted 00:19:34 (5913 turns).

Dawnplanks the Basher (Gargoyle Fighter)            Turns: 5913, Time: 00:19:34

Health: -2/54      AC:  9    Str: 23    XL:     9   Next: 41%
Magic:  9/9        EV:  7    Int:  9    God:    the Shining One [**....]
Gold:   437        SH: 10    Dex:  9    Spells: 8/8 levels left

rFire    + . .     SeeInvis .   a - +0 flail
rCold    x . .     Gourm    .   c - +0 shield
rNeg     + + .     Faith    .   y - +0 chain mail (curse)
rPois    ∞         Spirit   .   (no helmet)
rElec    +         Reflect  .   (no cloak)
rCorr    .         Harm     .   (no gloves)
MR       .....                  x - +0 pair of boots
Stlth    ..........             (no amulet)
HPRegen  0.18/turn              j - ring of fire
MPRegen  0.11/turn              (no ring)

@: corroded, glowing
A: negative energy resistance 1, electricity resistance, unbreathing,
petrification resistance, rot immunity, AC +6
a: Divine Shield, Renounce Religion


You were on level 7 of the Dungeon.
You worshipped the Shining One.
The Shining One was pleased with you.
You were hungry.

You visited 2 branches of the dungeon, and saw 8 of its levels.
You also visited: Sewer.

You collected 437 gold pieces.

Inventory:

Hand Weapons
 a - a +0 flail (weapon)
 D - a +1 dire flail of holy wrath
Missiles
 l - 3 tomahawks (quivered)
Armour
 b - a +0 scale mail
 c - a +0 shield (worn)
 x - a +0 pair of boots (worn)
 y - a cursed +0 chain mail (worn)
Jewellery
 j - a ring of fire (left hand)
Wands
 B - a wand of flame (39)
Scrolls
 i - 2 scrolls of amnesia
 k - 3 scrolls of remove curse {unknown}
 n - 3 scrolls of immolation {unknown}
 p - a scroll of enchant weapon {unknown}
 q - 2 scrolls of fear {unknown}
 r - 6 scrolls of teleportation
 t - 4 scrolls of random uselessness {unknown}
 u - 2 scrolls of enchant armour {unknown}
 v - 4 scrolls of identify {unknown}
 A - a scroll of blinking {unknown}
 C - a scroll of fog {unknown}
Potions
 d - 3 potions of heal wounds {unknown}
 e - 2 potions of lignification {unknown}
 g - 2 potions of mutation {unknown}
 h - a potion of berserk rage {unknown}
 m - 4 potions of degeneration {unknown}
 o - a potion of ambrosia {unknown}
 s - a potion of invisibility {unknown}
 w - 2 potions of curing {unknown}
 z - a potion of agility {unknown}
 E - a potion of cancellation {unknown}
Comestibles
 f - 11 rations


   Skills:
 + Level 5.4 Fighting
 * Level 9.7 Maces & Flails
 + Level 5.9 Armour
 + Level 1.6 Dodging
 + Level 5.8 Shields


You had 8 spell levels left.
You didn't know any spells.
Your spell library contained the following spells:

 Spells                   Type           Power        Failure   Level  Hunger
 Animate Skeleton         Necr           N/A          100%        1    ##.....
 Apportation              Tloc           #.....       100%        1    ##.....
 Confusing Touch          Hex            #.....       100%        1    ##.....
 Summon Small Mammal      Summ           #...         100%        1    ##.....


Dungeon Overview and Level Annotations

Branches:
Dungeon (7/15)             Temple (1/1) D:5

Altars:
Ashenzari
Elyvilon
Gozag
Makhleb
Nemelex Xobeh
Okawaru
Ru
Sif Muna
Trog
Vehumet
Wu Jian
Zin
The Shining One

Annotations:
D:6 3 runed doors, Toan's ghost, novice FoFi
D:7 exclusion: oklob plant


Innate Abilities, Weirdness & Mutations

You are resistant to torment.
Your stone body is resilient. (AC +6)
You are immune to poison.
You resist negative energy. (rN+)
You are resistant to electric shocks. (rElec)
You can survive without breathing.
You are immune to petrification.
You are immune to rotting.


Message History

The acid burns!
There is an open door here.
The oklob plant spits acid at you. The splash of acid hits you!
You are splashed with acid!
The acid burns!
You are too injured to fight recklessly!
The oklob plant spits acid at you. The splash of acid hits you!
You are splashed with acid!
The acid burns!
* * * LOW HITPOINT WARNING * * *
You hit the oklob plant but do no damage.
You hit the oklob plant but do no damage.
You hit the oklob plant.
The oklob plant is lightly damaged.
You hit the oklob plant but do no damage.
The oklob plant is lightly damaged.
You hit the oklob plant.
The oklob plant is lightly damaged.
The oklob plant spits acid at you. The splash of acid hits you!
The acid corrodes you!
You are splashed with acid!
The acid burns!
You die...

##### #...#
##...## #.#
#.....# ...
#..P..# ....
#..@..# ....
##...## ≈≈≈
#...#
#####≈#
##'##
#....≈# #.#
#....≈# #.#
##..##§≈.≈≈.
#.# #<..#
#.... #.#
##.## ###
#.#####'###


You could see an oklob plant.

Vanquished Creatures
  A hungry ghost (D:3)
  Edmund (D:4)
  An orc warrior (D:6)
  Purgy (Sewer)
  A phantom (D:6)
  2 sky beasts (D:5)
  2 centaurs
  A bullfrog (D:7)
  A gnoll sergeant (D:7)
  2 scorpions
  A howler monkey (D:4)
  2 crimson imps
  A centaur zombie (D:6)
  2 hounds
  9 jellies
  4 orc priests
  4 orc wizards
  3 iguanas
  5 worker ants
  A hound skeleton (D:4)
  7 gnolls
  10 adders
  9 oozes (D:7)
  An adder zombie (D:5)
  A worm (D:5)
  3 dart slugs
  3 leopard geckos
  15 orcs
  6 bats
  7 giant cockroaches
  9 goblins
  6 hobgoblins
  A quokka (D:6)
  4 ball pythons (D:1)
  5 frilled lizards
  12 kobolds
  A leopard gecko skeleton (D:5)
  9 rats
154 creatures vanquished.

Vanquished Creatures (others)
  9 fungi (D:7)
9 creatures vanquished.

Grand Total: 163 creatures vanquished

Notes
Turn   | Place    | Note
-------+----------+-------------------------------------------
     0 | D:1      | Dawnplanks the Gargoyle Fighter began the quest for the
                  | Orb.
     0 | D:1      | Reached XP level 1. HP: 14/14 MP: 1/1
   148 | D:1      | Reached XP level 2. HP: 19/19 MP: 2/2
   154 | D:1      | You fall through a shaft!
   210 | D:1      | Reached XP level 3. HP: 11/23 MP: 3/3
   444 | D:1      | Reached skill level 3 in Maces & Flails
   846 | D:2      | Reached XP level 4. HP: 23/28 MP: 4/4
  1286 | D:2      | Found an ornate altar of the Wu Jian Council.
  1364 | D:2      | Found a deep blue altar of Sif Muna.
  1441 | D:3      | Found a glowing drain.
  1471 | D:3      | Reached XP level 5. HP: 24/33 MP: 5/5
  1551 | Sewer    | Entered a sewer
  1554 | Sewer    | Noticed Purgy
  1570 | Sewer    | Killed Purgy
  1570 | Sewer    | Reached skill level 4 in Maces & Flails
  1918 | D:3      | Reached XP level 6. HP: 37/38 MP: 6/6
  1939 | D:3      | Found a glowing golden altar of the Shining One.
  1955 | D:3      | Became a worshipper of the Shining One
  2138 | D:3      | Noticed a hungry ghost
  2167 | D:3      | Killed a hungry ghost
  2167 | D:3      | Reached skill level 1 in Dodging
  2236 | D:3      | Reached skill level 5 in Maces & Flails
  2680 | D:4      | Reached XP level 7. HP: 43/43 MP: 7/7
  2954 | D:4      | Noticed Edmund
  2972 | D:4      | Killed Edmund
  2972 | D:4      | Reached skill level 6 in Maces & Flails
  3250 | D:5      | Entered Level 5 of the Dungeon
  3330 | D:5      | Reached skill level 5 in Shields
  3404 | D:5      | Reached XP level 8. HP: 48/48 MP: 8/8
  3410 | D:5      | Reached skill level 7 in Maces & Flails
  3443 | D:5      | Reached * piety under the Shining One
  3456 | D:5      | Found a shattered altar of Ashenzari.
  3556 | D:5      | Found an opulent altar of Gozag.
  3556 | D:5      | Found a bloodstained altar of Trog.
  3685 | D:5      | Found a staircase to the Ecumenical Temple.
  3695 | Temple   | Entered the Ecumenical Temple
  3802 | D:5      | Found a sacrificial altar of Ru.
  3954 | D:5      | Reached skill level 5 in Armour
  4020 | D:5      | Reached skill level 8 in Maces & Flails
  4022 | D:5      | Found a radiant altar of Vehumet.
  4460 | D:6      | Found a runed gate.
  4461 | D:6      | Found a runed gate.
  4461 | D:6      | Found a runed gate.
  4461 | D:6      | Noticed Toan's ghost (novice FoFi)
  4488 | D:6      | Reached skill level 5 in Fighting
  4637 | D:6      | Reached XP level 9. HP: 54/54 MP: 9/9
  4760 | D:6      | Reached skill level 9 in Maces & Flails
  4801 | D:6      | Found a sparkling altar of Nemelex Xobeh.
  4840 | D:6      | Found a glowing silver altar of Zin.
  4840 | D:6      | Found a glowing golden altar of the Shining One.
  4841 | D:6      | Found a white marble altar of Elyvilon.
  5179 | D:7      | Reached ** piety under the Shining One
  5179 | D:7      | Noticed an oklob plant
  5913 | D:7      | Splashed by an oklob plant's acid

Vault maps used:
D:1:      dpeg_arrival_round_c, hangedman_abyss_or_decor_stabs,
          minmay_shallow_snake_nest
D:2:      minmay_wonky_spiral, old_standard_altar, led_sif_pool
D:3:      kennysheep_six_static_rooms, gup_sewer_entry_glass, first_ration,
          tso_metal_star
D:4:      uniq_edmund
D:5:      evilmike_ruin_ashenzari, vehumet_altar_wand_db,
          amethyst_overflow_temple_binary, nicolae_ru_sacrificial_ziggurat,
          minmay_temple_entry_glass, kennysheep_generic_room_14
D:6:      good_gods_temple_1, lemuel_round_altar, gammafunk_ghost_necromancy
D:7:      lemuel_slime, kennysheep_mini_moat, the_bakery
Temple:   compressed_dpeg_circular_temple
Sewer:    kennysheep_door_sewer

Skill      XL: |  1  2  3  4  5  6  7  8  9 |
---------------+----------------------------+-----
Maces & Flails | 3 4 5 6 8 9 |  9.7
Armour         | 4 5 |  5.9
Shields        | 4 5 |  5.8
Fighting       | 4 5 |  5.4
Dodging        | 1 |  1.6

Action                   |  1- 3 |  4- 6 |  7- 9 || total
-------------------------+-------+-------+-------++-------
Melee: Flail             |   146 |   196 |   356 ||   698
  Use: Potion            |       |     3 |       ||     3
       Scroll            |       |     1 |     1 ||     2
  Eat: Chunk             |       |     7 |    11 ||    18
       Ration            |       |     2 |       ||     2
Armor: Scale mail        |   122 |    91 |       ||   213
       Chain mail        |       |    19 |   182 ||   201
Dodge: Dodged            |    71 |    69 |    66 ||   206
Block: Shield            |    97 |   107 |   158 ||   362

Table legend:
 A = Non-vault XP
 B = Vault XP
 C = Vault XP percentage of total XP
 D = Non-vault monster count
 E = Vault monster count
 F = Vault count percentage of total count
                 A         B        C        D         E       F
            +---------+---------+-------+---------+---------+-------
      Total |    2288 |    1008 |  30.6 |     110 |      44 |  28.6
            +---------+---------+-------+---------+---------+-------
        D:1 |      54 |       6 |  10.0 |      25 |       4 |  13.8
        D:2 |      38 |      16 |  29.6 |      16 |       3 |  15.8
        D:3 |      21 |     273 |  92.9 |       6 |      11 |  64.7
        D:4 |     299 |     171 |  36.4 |      14 |       1 |   6.7
        D:5 |     854 |       4 |   0.5 |      26 |       2 |   7.1
        D:6 |     799 |      43 |   5.1 |      17 |       1 |   5.6
        D:7 |     223 |     355 |  61.4 |       6 |      16 |  72.7
      Sewer |       0 |     140 | 100.0 |       0 |       6 | 100.0
            +---------+---------+-------+---------+---------+-------
